 Dungeon Crawl Stone Soup version 0.17-a0-1020-ge683cc4 (webtiles) character file.

75 Ngotmuk the Shield-Bearer (level 4, 11/42 HPs)
             Began as a Deep Dwarf Fighter on May 17, 2015.
             Quit the game on level 2 of the Dungeon.
             The game lasted 00:02:37 (1256 turns).

Ngotmuk the Shield-Bearer (Deep Dwarf Fighter)      Turns: 1256, Time: 00:02:37

Health: 11/42      AC:  5    Str: 21    XL:     4   Next: 11%
Magic:  4/4        EV:  8    Int:  8    God:
Gold:   74         SH:  9    Dex: 12    Spells: 0 memorised, 3 levels left

rFire  + . .     SeeInvis .     a - +0 war axe
rCold  . . .     Clarity  .     j - +0 ring mail (curse)
rNeg   . . .     SustAb   .     c - +0 shield
rPois  .         Gourm    .     (no helmet)
rElec  .         Spirit   .     (no cloak)
rCorr  .         Warding  .     (no gloves)
rMut   .         Stasis   .     (no boots)
MR     .....                    (no amulet)
Stlth  +.........               (no ring)
                                b - ring of protection from fire

@: non-regenerating, not resistant to hostile enchantments, very unstealthy
A: damage resistance, recharge devices, sense surroundings 1, slow healing 3
a: Device Recharging


You were on level 2 of the Dungeon.
You were not hungry.

You visited 1 branch of the dungeon, and saw 2 of its levels.

You collected 74 gold pieces.

Inventory:

Hand weapons
 a - a +0 war axe (weapon)
Armour
 c - a +0 shield (worn)
 j - a cursed +0 ring mail (worn)
 l - a +0 chain mail
Jewellery
 b - a ring of protection from fire (left hand)
Magical devices
 e - a wand of heal wounds (5)
Scrolls
 g - 3 scrolls of identify {unknown}
 h - 3 scrolls of teleportation {unknown}
 i - a scroll of magic mapping {unknown}
Potions
 d - a potion of might
 k - a potion of mutation {unknown}
Comestibles
 f - a bread ration


   Skills:
 * Level 3.3 Fighting
 * Level 3.5 Axes
 + Level 3.5 Armour
 + Level 3.8 Shields


You had 3 spell levels left.
You didn't know any spells.

Dungeon Overview and Level Annotations

Branches:
Dungeon (2/15)

Altars:
Nemelex Xobeh
The Shining One


Innate Abilities, Weirdness & Mutations

You are resistant to damage.
You can recharge devices by infusing magical energy.
You passively map a small area around you.
You do not heal naturally.


Message History

Your shield and chain mail prevent you from hitting the giant newt.
The giant newt bites you.
Your shield and chain mail prevent you from hitting the giant newt.
The giant newt bites you but does no damage.
Your chain mail prevents you from hitting the giant newt.
The giant newt bites you but does no damage.
You block the giant newt's attack.
You hit the giant newt.
You kill the giant newt!
You see here a giant newt corpse.
You see here a runed ring mail.
j - a runed ring mail You start removing your armour.
You continue taking off your +0 chain mail. x4
You finish taking off your +0 chain mail.
You start putting on your armour.
You continue putting on your runed ring mail. x5
You finish putting on your cursed +0 ring mail.
Oops, that feels deathly cold.
Are you sure you want to abandon this character and quit the game? (Confirm with "yes".)

#.#..............#
#.#..............#
..#..............#
###..............#
# #..............#
###..............#
.................#
###..............#
# #.............@#
# #.........†....#
# #..............#
# #..............#
# ################
# # # *


There were no monsters in sight!

Vanquished Creatures
  Natasha (D:2)
  3 adders (D:2)
  A goblin (D:2)
  A hobgoblin (D:1)
  6 kobolds
  A ball python (D:2)
  6 bats
  A giant gecko (D:1)
  3 giant newts
  4 rats
27 creatures vanquished.

Notes
Turn   | Place    | Note
--------------------------------------------------------------
     0 | D:1      | Ngotmuk the Deep Dwarf Fighter began the quest for the Orb.
     0 | D:1      | Reached XP level 1. HP: 20/20 MP: 1/1
   394 | D:1      | Found a sparkling altar of Nemelex Xobeh.
   414 | D:1      | Reached XP level 2. HP: 18/27 MP: 2/2
   895 | D:2      | Reached XP level 3. HP: 14/34 MP: 3/3
   916 | D:2      | Noticed Natasha
   919 | D:2      | Killed Natasha
  1051 | D:2      | Reached XP level 4. HP: 11/42 MP: 4/4
  1187 | D:2      | Found a glowing golden altar of the Shining One.
  1256 | D:2      | Quit the game

Vault maps used:
D:1:      minmay_arrival_glassed_features, minivault_4,
          nemelex_diamond_rough_becter
D:2:      tso_oasis_becter, uniq_natasha

Action                   |  1- 3 |  4- 6 || total
-------------------------+-------+-------++-------
Melee: War axe           |    74 |    11 ||    85
  Eat: Meat ration       |       |     1 ||     1
